Panthers vs Predators

Created - May 2, 2021 at 20:13

Goals
1 2 3 T
Panthers 0 1 2 3
Predators 0 0 2 2
Shots
1 2 3 T
Panthers 6 14 11 31
Predators 8 6 16 30

1st period

No Goal

Penalties :
Ryan Kesler (Nas) for Hooking (Minor) at 13:43, Alex Galchenyuk (Flo) for Hooking (Minor) at 18:52

2nd period

1. Panthers , Taylor Chorney 5 (Stefan Ruzicka 4, Kyle Wellwood 14) at 18:22

Penalties :
Nik Antropov (Nas) for Roughing (Minor) at 9:15, Matt Duchene (Flo) for Hooking (Minor) at 9:23, David Booth (Flo) for Hooking (Minor) at 12:41, Chad Larose (Flo) for Tripping (Minor) at 19:42

3rd period

2. Panthers , Matt Duchene 31 (Alex Galchenyuk 48, Raphael Diaz 11) at 7:34 (PP)
3. Predators , Brendan Gallagher 24 (Jack Eichel 21, Chris Higgins 15) at 8:41
4. Panthers , Max Reinhart 12 (Alex Goligoski 31) at 18:13 (Empty Net)
5. Predators , Andy Miele 13 (Alexander Edler 37, Jaden Schwartz 36) at 18:29

Penalties :
Stefan Ruzicka (Flo) for Hooking (Minor) at 2:05, Byron Bitz (Nas) for Goalie Interference (Minor) at 5:57, Stefan Ruzicka (Flo) for Roughing (Minor) at 14:45, Ryan Kesler (Nas) for Tripping (Minor) at 19:28

Goalie Stats

Petr Mrazek (Flo), 28 saves from 30 shots - (0.933), W, 26-21-5, 60:00 minutes
Jaroslav Halak (Nas), 28 saves from 30 shots - (0.933), L, 38-29-10, 59:22 minutes

Players Stats for Panthers

Player Name              G  A  P  +/- PIM S  H  SB GA TA FO     MP     PP MP  PK MP  
------------------------------------------------------------------------------------
Alex Galchenyuk          0  1  1  -1  2   6  3  0  0  1  0/0    19:43   2:45   1:32 
Alex Goligoski           0  1  1  -1  0   1  2  1  0  2  0/0    24:26   2:37   3:23 
Chad Larose              0  0  0   0  2   1  0  0  0  0  0/0    13:06   0:00   2:51 
David Booth              0  0  0   0  2   0  0  0  0  0  0/0    12:44   1:25   0:00 
Drew Stafford            0  0  0   0  0   1  0  1  0  0  2/3    17:25   0:05   6:10 
Erik Gudbranson          0  0  0  -1  0   3  1  3  0  0  0/0    27:47   2:37   6:29 
Jakob Silfverberg        0  0  0   0  0   1  2  1  0  1  0/1    14:25   2:45   0:02 
Jonathan Sigalet         0  0  0   0  0   2  0  1  0  0  0/0    12:38   0:00   0:19 
Kyle Wellwood            0  1  1   1  0   0  2  0  0  0  0/2     7:41   0:00   0:00 
Matt Duchene             1  0  1  -1  2   3  0  2  0  0  15/27  18:41   2:49   0:49 
Max Reinhart             1  0  1   0  0   2  1  1  0  0  7/18   18:00   0:00   5:54 
Michael Raffl            0  0  0   1  0   1  0  0  0  0  0/0     7:41   0:00   0:00 
Radko Gudas              0  0  0   1  0   0  0  2  0  1  0/0    17:18   0:00   3:15 
Raphael Diaz             0  1  1   0  0   1  2  1  0  0  0/0    14:36   1:38   0:00 
Stefan Ruzicka           0  1  1   1  4   4  2  0  0  0  0/0     8:00   0:05   0:00 
Taylor Chorney           1  0  1   1  0   1  0  0  0  0  0/0    23:15   1:38   6:40 
Travis Zajac             0  0  0   0  0   2  2  1  0  1  5/11   15:11   1:25   2:48 
Viktor Arvidsson         0  0  0  -1  0   2  0  0  0  1  0/0    15:23   1:25   0:00 

Players Stats for Predators

Player Name              G  A  P  +/- PIM S  H  SB GA TA FO     MP     PP MP  PK MP  
------------------------------------------------------------------------------------
Alexander Edler          0  1  1   0  0   7  3  1  0  0  0/0    28:52   6:40   2:53 
Alexander Ovechkin       0  0  0   0  0   5  4  0  3  0  2/3    22:16   5:51   0:18 
Andy Miele               1  0  1   1  0   2  2  1  0  0  6/11   11:30   0:00   2:55 
Brandon Gormley          0  0  0  -1  0   0  1  0  0  0  0/0    10:50   0:00   0:00 
Brendan Gallagher        1  0  1   1  0   4  2  2  0  0  0/0    17:19   4:12   0:44 
Byron Bitz               0  0  0   1  2   0  0  0  1  0  0/0     9:25   0:00   0:36 
Chris Higgins            0  1  1   1  0   0  3  0  0  0  1/1    16:48   4:12   0:00 
Jack Eichel              0  1  1   1  0   1  0  0  1  0  2/11   12:12   0:00   0:00 
Jaden Schwartz           0  1  1   1  0   0  1  0  0  0  2/2    14:41   4:12   1:02 
John Moore               0  0  0   1  0   0  1  2  0  0  0/0    20:18   3:23   1:22 
Justin Abdelkader        0  0  0  -2  0   3  0  0  0  0  0/0     8:08   0:00   0:00 
Justin Faulk             0  0  0   1  0   1  0  2  0  0  0/0    18:56   3:23   0:00 
Mark Pysyk               0  0  0  -2  0   1  1  0  0  0  0/0    11:03   0:00   2:55 
Mikael Granlund          0  0  0   0  0   2  3  0  1  0  2/4    21:35   5:51   0:00 
Nate Schmidt             0  0  0  -1  0   0  0  0  0  0  0/0    12:12   0:00   1:22 
Nik Antropov             0  0  0  -2  2   0  1  1  0  0  0/3     8:08   0:01   0:00 
Ryan Kesler              0  0  0   0  4   2  0  1  0  0  18/27  20:45   5:50   0:00 
Ryan Mcdonagh            0  0  0   0  0   2  0  0  1  0  0/0    28:52   6:40   2:53 

3 Stars

1 - Brendan Gallagher (Nas)
2 - Andy Miele (Nas)
3 - Taylor Chorney (Flo)

Power Play

Panthers - 1 on 4 Attempt(s) - 25.00%
Predators - 0 on 6 Attempt(s) - 0.00%

Penalty Kill

Panthers - 6 on 6 Attempt(s) - 100.00% - Score 0 goal in Penalty Kill
Predators - 3 on 4 Attempt(s) - 75.00% - Score 0 goal in Penalty Kill

Team Stat

Panthers - Hits : 17 - Faceoff Wins : 29 - Blocked Shots : 14 - Penalty Minutes : 12
Predators - Hits : 22 - Faceoff Wins : 33 - Blocked Shots : 10 - Penalty Minutes : 8

Official

Referees : Unknown
Linesman : Unknown

Game Notes

Max Reinhart has scored in a empty net!

Finance

Level 1 -- Attendance: 6000 (100.00%) -- Ticket Income $630,000
Level 2 -- Attendance: 3709 (74.18%) -- Ticket Income $252,212
Level 3 -- Attendance: 1564 (78.20%) -- Ticket Income $75,072
Level 4 -- Attendance: 3182 (79.55%) -- Ticket Income $95,460
Luxury Box -- Attendance: 803 (80.30%) -- Ticket Income $159,797
Game was played at the Wildcat center.
Total Attendance: 15258 (84.77%)
Total Ticket Income: $1,212,541
Other Income: $181,881
Total Income: $1,394,422

Panthers

5 vs 5 Forward 
   Center                   Left Wing                Right Wing               Time % Phy DF OF 
 1 Matt Duchene             Alex Galchenyuk          Viktor Arvidsson         40     1   2  2  
 2 Travis Zajac             David Booth              Jakob Silfverberg        30     1   2  2  
 3 Max Reinhart             Chad Larose              Drew Stafford            20     1   2  2  
 4 Kyle Wellwood            Michael Raffl            Stefan Ruzicka           10     1   2  2  

5 vs 5 Defense 
   Defense                  Defense                                           Time % Phy DF OF 
 1 Erik Gudbranson          Alex Goligoski                                    40     1   2  2  
 2 Taylor Chorney           Radko Gudas                                       30     1   2  2  
 3 Raphael Diaz             Jonathan Sigalet                                  20     1   2  2  
 4 Erik Gudbranson          Alex Goligoski                                    10     1   2  2  

PowerPlay Forward 
   Center                   Left Wing                Right Wing               Time % Phy DF OF 
 1 Matt Duchene             Alex Galchenyuk          Jakob Silfverberg        60     0   1  4  
 2 Travis Zajac             David Booth              Viktor Arvidsson         40     0   1  4  

PowerPlay Defense
   Defense                  Defense                                           Time % Phy DF OF 
 1 Erik Gudbranson          Alex Goligoski                                    60     0   2  3  
 2 Raphael Diaz             Taylor Chorney                                    40     0   2  3  

Penalty Kill 4 Players Forward 
   Center                   Wing                     Time % Phy DF OF 
 1 Max Reinhart             Drew Stafford            60     1   3  1  
 2 Travis Zajac             Chad Larose              40     1   3  1  

Penalty Kill 4 Players Defense
   Defense                  Defense                  Time % Phy DF OF 
 1 Erik Gudbranson          Taylor Chorney           60     1   3  1  
 2 Alex Goligoski           Radko Gudas              40     1   3  1  

Penalty Kill - 3 Players Forward 
   Forward                                           Time % Phy DF OF 
 1 Drew Stafford                                     60     1   3  1  
 2 Max Reinhart                                      40     1   3  1  

Penalty Kill - 3 Players Defense
   Defense                  Defense                  Time % Phy DF OF 
 1 Erik Gudbranson          Taylor Chorney           60     1   3  1  
 2 Alex Goligoski           Radko Gudas              40     1   3  1  

4 vs 4 Forward 
   Center                   Wing                     Time % Phy DF OF 
 1 Matt Duchene             Alex Galchenyuk          60     1   2  2  
 2 Travis Zajac             Jakob Silfverberg        40     1   2  2  

4 vs 4 Defense
   Defense                  Defense                  Time % Phy DF OF 
 1 Erik Gudbranson          Alex Goligoski           60     1   2  2  
 2 Taylor Chorney           Radko Gudas              40     1   2  2  

Last Minutes Offensive
   Center                   Left Wing                Right Wing               Defense                  Defense                  
   Matt Duchene             Alex Galchenyuk          Viktor Arvidsson         Erik Gudbranson          Alex Goligoski           

Last Minutes Defensive
   Center                   Left Wing                Right Wing               Defense                  Defense                  
   Max Reinhart             David Booth              Drew Stafford            Erik Gudbranson          Taylor Chorney           

Goaltenders
Starting : Petr Mrazek              
Backup : Brian Elliott            

Extra Forwards
Normal : Jakob Silfverberg, Alex Galchenyuk, Matt Duchene - PP : Drew Stafford, Alex Galchenyuk - PK : Chad Larose
Extra Defensemen
Normal : Radko Gudas, Erik Gudbranson, Alex Goligoski - PP : Radko Gudas - PK : Alex Goligoski, Erik Gudbranson
Penalty Shots
Jakob Silfverberg, Viktor Arvidsson, Alex Galchenyuk, Kyle Wellwood, David Booth

Scratches
None

Predators

5 vs 5 Forward 
   Center                   Left Wing                Right Wing               Time % Phy DF OF 
 1 Ryan Kesler              Alexander Ovechkin       Mikael Granlund          40     1   2  2  
 2 Jack Eichel              Chris Higgins            Brendan Gallagher        30     1   2  2  
 3 Andy Miele               Jaden Schwartz           Byron Bitz               20     1   2  2  
 4 Nik Antropov             Justin Abdelkader        Mark Pysyk               10     1   2  2  

5 vs 5 Defense 
   Defense                  Defense                                           Time % Phy DF OF 
 1 Ryan Mcdonagh            Alexander Edler                                   40     1   2  2  
 2 John Moore               Justin Faulk                                      30     1   2  2  
 3 Nate Schmidt             Brandon Gormley                                   20     1   2  2  
 4 Ryan Mcdonagh            Alexander Edler                                   10     1   2  2  

PowerPlay Forward 
   Center                   Left Wing                Right Wing               Time % Phy DF OF 
 1 Ryan Kesler              Alexander Ovechkin       Mikael Granlund          60     1   1  3  
 2 Jaden Schwartz           Chris Higgins            Brendan Gallagher        40     1   1  3  

PowerPlay Defense
   Defense                  Defense                                           Time % Phy DF OF 
 1 Ryan Mcdonagh            Alexander Edler                                   60     1   1  3  
 2 John Moore               Justin Faulk                                      40     1   1  3  

Penalty Kill 4 Players Forward 
   Center                   Wing                     Time % Phy DF OF 
 1 Andy Miele               Mark Pysyk               60     1   3  1  
 2 Jaden Schwartz           Byron Bitz               40     1   3  1  

Penalty Kill 4 Players Defense
   Defense                  Defense                  Time % Phy DF OF 
 1 Ryan Mcdonagh            Alexander Edler          60     1   3  1  
 2 Nate Schmidt             John Moore               40     1   3  1  

Penalty Kill - 3 Players Forward 
   Forward                                           Time % Phy DF OF 
 1 Alexander Ovechkin                                60     1   3  1  
 2 Jaden Schwartz                                    40     1   3  1  

Penalty Kill - 3 Players Defense
   Defense                  Defense                  Time % Phy DF OF 
 1 Ryan Mcdonagh            Alexander Edler          60     1   3  1  
 2 Nate Schmidt             John Moore               40     1   3  1  

4 vs 4 Forward 
   Center                   Wing                     Time % Phy DF OF 
 1 Mikael Granlund          Alexander Ovechkin       60     1   2  2  
 2 Ryan Kesler              Jaden Schwartz           40     1   2  2  

4 vs 4 Defense
   Defense                  Defense                  Time % Phy DF OF 
 1 Ryan Mcdonagh            Alexander Edler          60     1   2  2  
 2 John Moore               Justin Faulk             40     1   2  2  

Last Minutes Offensive
   Center                   Left Wing                Right Wing               Defense                  Defense                  
   Ryan Kesler              Alexander Ovechkin       Mikael Granlund          John Moore               Justin Faulk             

Last Minutes Defensive
   Center                   Left Wing                Right Wing               Defense                  Defense                  
   Andy Miele               Jaden Schwartz           Mark Pysyk               John Moore               Nate Schmidt             

Goaltenders
Starting : Jaroslav Halak           
Backup : Anders Lindback          

Extra Forwards
Normal : Alexander Ovechkin, Chris Higgins, Mikael Granlund - PP : Alexander Ovechkin, Jack Eichel - PK : Brendan Gallagher
Extra Defensemen
Normal : Brandon Gormley, Nate Schmidt, John Moore - PP : Brandon Gormley - PK : Nate Schmidt, Brandon Gormley
Penalty Shots
Jaden Schwartz, Jack Eichel, Alexander Ovechkin, Ryan Kesler, Ryan Mcdonagh

Scratches
Dmitri Kalinin (Healthy)

% Time on Ice - Panthers

Lines # - Real PCT - Wanted PCT - Time Play
Normal Forward
1 - 36% - 40% - 15:22
2 - 25% - 30% - 10:58
3 - 21% - 20% - 9:16
4 - 18% - 10% - 7:41
Normal Defense
1 - 38% - 40% - 16:30
2 - 31% - 30% - 13:31
3 - 28% - 20% - 12:19
4 - 2% - 10% - 0:57
PP Forward
1 - 67% - 60% - 2:50
2 - 33% - 40% - 1:25
PP Defense
1 - 62% - 60% - 2:37
2 - 38% - 40% - 1:38
PK Forward
1 - 72% - 60% - 7:15
2 - 28% - 40% - 2:48
PK Defense
1 - 68% - 60% - 6:48
2 - 32% - 40% - 3:15
PK3 Forward
1 - 0% - 60%
2 - 0% - 40%
PK3 Defense
1 - 0% - 60%
2 - 0% - 40%
44 Forward
1 - 100% - 60% - 1:51
2 - 0% - 40% - 0:00
44 Defense
1 - 36% - 60% - 0:40
2 - 64% - 40% - 1:11
Last Minute Offensive  - 0:00
Last Minute Defensive  - 0:34
Total
Forward - 60:00
Defense - 60:00

% Time on Ice - Predators

Lines # - Real PCT - Wanted PCT - Time Play
Normal Forward
1 - 32% - 40% - 13:53
2 - 29% - 30% - 12:38
3 - 20% - 20% - 8:35
4 - 19% - 10% - 8:08
Normal Defense
1 - 40% - 40% - 17:14
2 - 33% - 30% - 14:23
3 - 25% - 20% - 10:50
4 - 2% - 10% - 0:47
PP Forward
1 - 58% - 60% - 5:51
2 - 42% - 40% - 4:12
PP Defense
1 - 66% - 60% - 6:40
2 - 34% - 40% - 3:23
PK Forward
1 - 76% - 60% - 3:13
2 - 24% - 40% - 1:02
PK Defense
1 - 68% - 60% - 2:53
2 - 32% - 40% - 1:22
PK3 Forward
1 - 0% - 60%
2 - 0% - 40%
PK3 Defense
1 - 0% - 60%
2 - 0% - 40%
44 Forward
1 - 81% - 60% - 1:30
2 - 19% - 40% - 0:21
44 Defense
1 - 51% - 60% - 0:57
2 - 49% - 40% - 0:54
Last Minute Offensive  - 0:37
Last Minute Defensive  - 0:00
Total
Forward - 60:00
Defense - 60:00

Play-by-Play

1st period


0:01 of 1st period - Matt Duchene wins face-off versus Ryan Kesler in neutral zone.
0:27 of 1st period - Ryan Mcdonagh is hit by Jakob Silfverberg and loses puck.
0:52 of 1st period - Backhand shot by Alexander Edler.
0:52 of 1st period - Shot Misses the Net.
1:39 of 1st period - Slapshot by Alexander Ovechkin.
1:39 of 1st period - Stopped by Petr Mrazek with a rebound.
1:49 of 1st period - Slapshot by Brandon Gormley.
1:49 of 1st period - Shot Blocked by Radko Gudas.
2:05 of 1st period - Snap shot by Alex Galchenyuk.
2:05 of 1st period - Shot Misses the Net.
2:11 of 1st period - Wrist shot by Alex Galchenyuk.
2:11 of 1st period - Stopped by Jaroslav Halak without a rebound.
2:12 of 1st period - Ryan Kesler wins face-off versus Travis Zajac in Predators zone.
3:13 of 1st period - Wrist shot by Max Reinhart.
3:13 of 1st period - Shot Misses the Net.
3:15 of 1st period - Slapshot by Raphael Diaz.
3:15 of 1st period - Deflect By Chad Larose.
3:15 of 1st period - Shot Blocked by Brendan Gallagher.
3:15 of 1st period - Puck is out of play.
3:16 of 1st period - Ryan Kesler wins face-off versus Matt Duchene in Predators zone.
3:48 of 1st period - Off-side.
3:49 of 1st period - Travis Zajac wins face-off versus Andy Miele in neutral zone.
3:54 of 1st period - Wrist shot by Alexander Edler.
3:54 of 1st period - Stopped by Petr Mrazek with a rebound.
3:56 of 1st period - Wrist shot by Ryan Mcdonagh.
3:56 of 1st period - Stopped by Petr Mrazek with a rebound.
3:58 of 1st period - Slapshot by Alexander Edler.
3:58 of 1st period - Shot Misses the Net.
4:16 of 1st period - Radko Gudas is hit by Alexander Edler and loses puck.
4:43 of 1st period - Justin Abdelkader is hit by Kyle Wellwood.
5:09 of 1st period - Slapshot by Max Reinhart.
5:09 of 1st period - Shot Blocked by Andy Miele.
5:11 of 1st period - Wrist shot by Erik Gudbranson.
5:11 of 1st period - Shot Misses the Net.
5:46 of 1st period - Snap shot by Justin Abdelkader.
5:46 of 1st period - Stopped by Petr Mrazek without a rebound.
5:47 of 1st period - Matt Duchene wins face-off versus Nik Antropov in Panthers zone.
5:52 of 1st period - Snap shot by Alex Galchenyuk.
5:52 of 1st period - Stopped by Jaroslav Halak without a rebound.
5:53 of 1st period - Ryan Kesler wins face-off versus Matt Duchene in Predators zone.
6:26 of 1st period - Jonathan Sigalet is hit by Brendan Gallagher and loses puck.
6:31 of 1st period - Wrist shot by Jack Eichel.
6:31 of 1st period - Stopped by Petr Mrazek with a rebound.
6:33 of 1st period - Snap shot by Brendan Gallagher.
6:33 of 1st period - Deflect By Chris Higgins.
6:33 of 1st period - Shot Misses the Net.
6:33 of 1st period - Puck is out of play.
6:34 of 1st period - Andy Miele wins face-off versus Matt Duchene in Panthers zone.
6:35 of 1st period - Slapshot by Jaden Schwartz.
6:35 of 1st period - Shot Blocked by Erik Gudbranson.
6:37 of 1st period - Snap shot by Andy Miele.
6:37 of 1st period - Shot Misses the Net.
6:39 of 1st period - Slapshot by Ryan Mcdonagh.
6:39 of 1st period - Shot Blocked by Erik Gudbranson.
7:32 of 1st period - Off-side.
7:33 of 1st period - Ryan Kesler wins face-off versus Matt Duchene in neutral zone.
8:23 of 1st period - Wrist shot by Chad Larose.
8:23 of 1st period - Stopped by Jaroslav Halak with a rebound.
8:25 of 1st period - Slapshot by Erik Gudbranson.
8:25 of 1st period - Stopped by Jaroslav Halak with a rebound.
8:27 of 1st period - Slapshot by Erik Gudbranson.
8:27 of 1st period - Shot Blocked by Justin Faulk.
8:29 of 1st period - Slapshot by Erik Gudbranson.
8:29 of 1st period - Deflect By Max Reinhart.
8:29 of 1st period - Shot Hit the Post.
8:29 of 1st period - Puck is out of play.
8:30 of 1st period - Ryan Kesler wins face-off versus Matt Duchene in Predators zone.
9:07 of 1st period - Slapshot by Max Reinhart.
9:07 of 1st period - Stopped by Jaroslav Halak without a rebound.
9:08 of 1st period - Ryan Kesler wins face-off versus Travis Zajac in Predators zone.
9:23 of 1st period - Snap shot by Alexander Ovechkin.
9:23 of 1st period - Stopped by Petr Mrazek without a rebound.
9:24 of 1st period - Matt Duchene wins face-off versus Jack Eichel in Panthers zone.
9:49 of 1st period - Alexander Edler is hit by Alex Goligoski.
9:59 of 1st period - Alex Goligoski is hit by Alexander Ovechkin and loses puck.
10:26 of 1st period - Justin Faulk is hit by Travis Zajac and loses puck.
12:01 of 1st period - Wrist shot by Jakob Silfverberg.
12:01 of 1st period - Stopped by Jaroslav Halak with a rebound.
12:03 of 1st period - Snap shot by Travis Zajac.
12:03 of 1st period - Shot Misses the Net.
12:51 of 1st period - Slapshot by Erik Gudbranson.
12:51 of 1st period - Shot Misses the Net.
13:17 of 1st period - Off-side.
13:18 of 1st period - Travis Zajac wins face-off versus Jack Eichel in neutral zone.
13:43 of 1st period - Minor Penalty to Ryan Kesler for Hooking.
13:44 of 1st period - Andy Miele wins face-off versus Matt Duchene in Predators zone.
14:58 of 1st period - Slapshot by Alexander Edler.
14:58 of 1st period - Shot Blocked by Travis Zajac.
15:43 of 1st period - Penalty to Ryan Kesler is over, Ryan Kesler is back on ice.
16:02 of 1st period - Snap shot by Brendan Gallagher.
16:02 of 1st period - Stopped by Petr Mrazek with a rebound.
16:27 of 1st period - Ryan Kesler is hit by Stefan Ruzicka and loses puck.
16:40 of 1st period - Mark Pysyk is hit by Erik Gudbranson and loses puck.
16:52 of 1st period - Icing by Alex Goligoski.
16:53 of 1st period - Drew Stafford wins face-off versus Jack Eichel in Panthers zone.
17:05 of 1st period - Wrist shot by Jack Eichel.
17:05 of 1st period - Shot Misses the Net.
17:07 of 1st period - Wrist shot by Jack Eichel.
17:07 of 1st period - Shot Misses the Net.
17:09 of 1st period - Wrist shot by Jack Eichel.
17:09 of 1st period - Shot Misses the Net.
17:19 of 1st period - Mikael Granlund is hit by Raphael Diaz.
17:45 of 1st period - Kyle Wellwood is hit by Andy Miele and loses puck.
17:54 of 1st period - Wrist shot by Jaden Schwartz.
17:54 of 1st period - Shot Misses the Net.
17:56 of 1st period - Snap shot by Andy Miele.
17:56 of 1st period - Deflect By Jaden Schwartz.
17:56 of 1st period - Shot Misses the Net.
17:56 of 1st period - Puck is out of play.
17:57 of 1st period - Matt Duchene wins face-off versus Jack Eichel in Panthers zone.
18:22 of 1st period - Taylor Chorney is hit by Alexander Ovechkin and loses puck.
18:29 of 1st period - Slapshot by Radko Gudas.
18:29 of 1st period - Deflect By Travis Zajac.
18:29 of 1st period - Shot Misses the Net.
18:29 of 1st period - Puck is out of play.
18:30 of 1st period - Mikael Granlund wins face-off versus Matt Duchene in Predators zone.
18:30 of 1st period - Mikael Granlund is hit by Alex Galchenyuk.
18:36 of 1st period - Snap shot by Ryan Kesler.
18:36 of 1st period - Shot Misses the Net.
18:38 of 1st period - Snap shot by Mikael Granlund.
18:38 of 1st period - Shot Misses the Net.
18:40 of 1st period - Slapshot by Alexander Edler.
18:40 of 1st period - Deflect By Matt Duchene.
18:40 of 1st period - Stopped by Petr Mrazek with a rebound.
18:52 of 1st period - Minor Penalty to Alex Galchenyuk for Hooking.
18:53 of 1st period - Ryan Kesler wins face-off versus Max Reinhart in Panthers zone.
19:43 of 1st period - Slapshot by Alex Goligoski.
19:43 of 1st period - Deflect By Travis Zajac.
19:43 of 1st period - Shot Blocked by Ryan Kesler.
19:43 of 1st period - Puck is out of play.
19:44 of 1st period - Max Reinhart wins face-off versus Alexander Ovechkin in Predators zone.
Goals for this period are 0 for Panthers vs 0 for Predators.
Shots for this period are 6 for Panthers vs 8 for Predators.

2nd period


0:01 of 2nd period - Alexander Ovechkin wins face-off versus Max Reinhart in neutral zone.
0:14 of 2nd period - Slapshot by Erik Gudbranson.
0:14 of 2nd period - Stopped by Jaroslav Halak with a rebound.
0:52 of 2nd period - Penalty to Alex Galchenyuk is over, Alex Galchenyuk is back on ice.
1:14 of 2nd period - Wrist shot by Stefan Ruzicka.
1:14 of 2nd period - Shot Misses the Net.
1:16 of 2nd period - Snap shot by Michael Raffl.
1:16 of 2nd period - Stopped by Jaroslav Halak with a rebound.
1:18 of 2nd period - Backhand shot by Michael Raffl.
1:18 of 2nd period - Shot Misses the Net.
1:20 of 2nd period - Snap shot by Raphael Diaz.
1:20 of 2nd period - Deflect By Stefan Ruzicka.
1:20 of 2nd period - Stopped by Jaroslav Halak without a rebound.
1:21 of 2nd period - Matt Duchene wins face-off versus Ryan Kesler in Predators zone.
1:57 of 2nd period - Wrist shot by Jaden Schwartz.
1:57 of 2nd period - Shot Blocked by Jakob Silfverberg.
2:56 of 2nd period - Wrist shot by Alex Galchenyuk.
2:56 of 2nd period - Stopped by Jaroslav Halak with a rebound.
2:58 of 2nd period - Wrist shot by Matt Duchene.
2:58 of 2nd period - Shot Misses the Net.
3:34 of 2nd period - Snap shot by Brendan Gallagher.
3:34 of 2nd period - Stopped by Petr Mrazek without a rebound.
3:35 of 2nd period - Max Reinhart wins face-off versus Jack Eichel in Panthers zone.
3:35 of 2nd period - Max Reinhart is hit by Brendan Gallagher.
3:47 of 2nd period - Wrist shot by Drew Stafford.
3:47 of 2nd period - Stopped by Jaroslav Halak with a rebound.
3:49 of 2nd period - Slapshot by Radko Gudas.
3:49 of 2nd period - Shot Misses the Net.
3:51 of 2nd period - Snap shot by Chad Larose.
3:51 of 2nd period - Shot Blocked by Brendan Gallagher.
4:08 of 2nd period - Mikael Granlund is hit by Alex Galchenyuk and loses puck.
4:33 of 2nd period - Slapshot by Mark Pysyk.
4:33 of 2nd period - Shot Misses the Net.
4:39 of 2nd period - Mark Pysyk is hit by Kyle Wellwood and loses puck.
6:07 of 2nd period - Kyle Wellwood is hit by Chris Higgins and loses puck.
6:44 of 2nd period - Snap shot by Alex Galchenyuk.
6:44 of 2nd period - Shot Misses the Net.
6:54 of 2nd period - Wrist shot by Viktor Arvidsson.
6:54 of 2nd period - Shot Blocked by John Moore.
6:56 of 2nd period - Slapshot by Erik Gudbranson.
6:56 of 2nd period - Shot Blocked by John Moore.
7:48 of 2nd period - Snap shot by Justin Abdelkader.
7:48 of 2nd period - Stopped by Petr Mrazek with a rebound.
7:50 of 2nd period - Slapshot by Alexander Edler.
7:50 of 2nd period - Stopped by Petr Mrazek with a rebound.
7:52 of 2nd period - Slapshot by Alexander Edler.
7:52 of 2nd period - Shot Misses the Net.
7:54 of 2nd period - Snap shot by Ryan Mcdonagh.
7:54 of 2nd period - Shot Misses the Net.
7:56 of 2nd period - Slapshot by Ryan Mcdonagh.
7:56 of 2nd period - Shot Misses the Net.
8:06 of 2nd period - Radko Gudas is hit by Alexander Ovechkin and loses puck.
8:19 of 2nd period - Snap shot by Drew Stafford.
8:19 of 2nd period - Shot Misses the Net.
8:21 of 2nd period - Snap shot by Drew Stafford.
8:21 of 2nd period - Deflect By Chad Larose.
8:21 of 2nd period - Shot Misses the Net.
8:21 of 2nd period - Puck is out of play.
8:22 of 2nd period - Jack Eichel wins face-off versus Matt Duchene in Predators zone.
8:47 of 2nd period - David Booth is hit by Alexander Ovechkin and loses puck.
9:12 of 2nd period - Snap shot by Justin Abdelkader.
9:12 of 2nd period - Stopped by Petr Mrazek with a rebound.
9:14 of 2nd period - Slapshot by Justin Faulk.
9:14 of 2nd period - Shot Blocked by Jonathan Sigalet.
9:15 of 2nd period - Minor Penalty to Nik Antropov for Roughing.
9:16 of 2nd period - Matt Duchene wins face-off versus Andy Miele in Predators zone.
9:23 of 2nd period - Minor Penalty to Matt Duchene for Hooking.
9:24 of 2nd period - Mikael Granlund wins face-off versus Jakob Silfverberg in Panthers zone.
9:25 of 2nd period - Wrist shot by Alexander Ovechkin.
9:25 of 2nd period - Stopped by Petr Mrazek with a rebound.
10:40 of 2nd period - Icing by Radko Gudas.
10:41 of 2nd period - Chris Higgins wins face-off versus Max Reinhart in Panthers zone.
11:15 of 2nd period - Penalty to Nik Antropov is over, Nik Antropov is back on ice.
11:23 of 2nd period - Penalty to Matt Duchene is over, Matt Duchene is back on ice.
11:30 of 2nd period - Slapshot by Erik Gudbranson.
11:30 of 2nd period - Deflect By Alexander Edler.
11:30 of 2nd period - Stopped by Jaroslav Halak with a rebound.
11:36 of 2nd period - Max Reinhart is hit by Mark Pysyk and loses puck.
11:51 of 2nd period - Snap shot by Matt Duchene.
11:51 of 2nd period - Stopped by Jaroslav Halak with a rebound.
11:59 of 2nd period - Drew Stafford is hit by Chris Higgins.
12:41 of 2nd period - Minor Penalty to David Booth for Hooking.
12:42 of 2nd period - Ryan Kesler wins face-off versus Travis Zajac in Panthers zone.
12:50 of 2nd period - Slapshot by Alexander Ovechkin.
12:50 of 2nd period - Stopped by Petr Mrazek without a rebound.
12:51 of 2nd period - Travis Zajac wins face-off versus Mikael Granlund in Panthers zone.
12:56 of 2nd period - Snap shot by Travis Zajac.
12:56 of 2nd period - Stopped by Jaroslav Halak with a rebound.
12:58 of 2nd period - Slapshot by Taylor Chorney.
12:58 of 2nd period - Shot Misses the Net.
13:00 of 2nd period - Snap shot by Jonathan Sigalet.
13:00 of 2nd period - Stopped by Jaroslav Halak without a rebound.
13:01 of 2nd period - Ryan Kesler wins face-off versus Max Reinhart in Predators zone.
13:08 of 2nd period - Max Reinhart is hit by Mikael Granlund and loses puck.
13:27 of 2nd period - Drew Stafford is hit by Jaden Schwartz and loses puck.
14:41 of 2nd period - Penalty to David Booth is over, David Booth is back on ice.
14:46 of 2nd period - Slapshot by Jakob Silfverberg.
14:46 of 2nd period - Deflect By Travis Zajac.
14:46 of 2nd period - Stopped by Jaroslav Halak without a rebound.
14:47 of 2nd period - Travis Zajac wins face-off versus Nik Antropov in Predators zone.
14:48 of 2nd period - Snap shot by Jakob Silfverberg.
14:48 of 2nd period - Shot Blocked by Justin Faulk.
15:26 of 2nd period - Icing by Jonathan Sigalet.
15:27 of 2nd period - Matt Duchene wins face-off versus Jack Eichel in Panthers zone.
15:53 of 2nd period - Wrist shot by Viktor Arvidsson.
15:53 of 2nd period - Stopped by Jaroslav Halak without a rebound.
15:54 of 2nd period - Ryan Kesler wins face-off versus Travis Zajac in Predators zone.
17:20 of 2nd period - Icing by Radko Gudas.
17:21 of 2nd period - Ryan Kesler wins face-off versus Kyle Wellwood in Panthers zone.
17:32 of 2nd period - Alexander Ovechkin is hit by Stefan Ruzicka and loses puck.
18:20 of 2nd period - Snap shot by Stefan Ruzicka.
18:20 of 2nd period - Stopped by Jaroslav Halak with a rebound.
18:22 of 2nd period - Slapshot by Taylor Chorney.
18:22 of 2nd period - Goal by Taylor Chorney - Panthers : 1 - Predators : 0.
18:23 of 2nd period - Matt Duchene wins face-off versus Mikael Granlund in neutral zone.
18:26 of 2nd period - Snap shot by Alex Goligoski.
18:26 of 2nd period - Stopped by Jaroslav Halak with a rebound.
18:56 of 2nd period - Wrist shot by Andy Miele.
18:56 of 2nd period - Shot Blocked by Matt Duchene.
18:58 of 2nd period - Snap shot by Jaden Schwartz.
18:58 of 2nd period - Deflect By Alex Galchenyuk.
18:58 of 2nd period - Shot Misses the Net.
18:58 of 2nd period - Puck is out of play.
18:59 of 2nd period - Ryan Kesler wins face-off versus Travis Zajac in Panthers zone.
19:30 of 2nd period - Wrist shot by Max Reinhart.
19:30 of 2nd period - Shot Misses the Net.
19:36 of 2nd period - Slapshot by Alexander Edler.
19:36 of 2nd period - Shot Blocked by Radko Gudas.
19:42 of 2nd period - Minor Penalty to Chad Larose for Tripping.
19:43 of 2nd period - Ryan Kesler wins face-off versus Max Reinhart in Panthers zone.
Goals for this period are 1 for Panthers vs 0 for Predators.
Shots for this period are 14 for Panthers vs 6 for Predators.

3rd period


0:01 of 3rd period - Max Reinhart wins face-off versus Ryan Kesler in neutral zone.
0:17 of 3rd period - Snap shot by Ryan Kesler.
0:17 of 3rd period - Stopped by Petr Mrazek without a rebound.
0:18 of 3rd period - Jaden Schwartz wins face-off versus Max Reinhart in Panthers zone.
0:21 of 3rd period - Slapshot by Ryan Mcdonagh.
0:21 of 3rd period - Stopped by Petr Mrazek without a rebound.
0:22 of 3rd period - Jaden Schwartz wins face-off versus Max Reinhart in Panthers zone.
0:33 of 3rd period - Snap shot by Brendan Gallagher.
0:33 of 3rd period - Shot Misses the Net.
0:35 of 3rd period - Slapshot by Ryan Mcdonagh.
0:35 of 3rd period - Deflect By Jaden Schwartz.
0:35 of 3rd period - Shot Misses the Net.
0:35 of 3rd period - Puck is out of play.
0:36 of 3rd period - Alexander Ovechkin wins face-off versus Max Reinhart in Panthers zone.
0:41 of 3rd period - Snap shot by Alexander Ovechkin.
0:41 of 3rd period - Shot Blocked by Erik Gudbranson.
1:33 of 3rd period - Travis Zajac is hit by Mikael Granlund and loses puck.
1:42 of 3rd period - Penalty to Chad Larose is over, Chad Larose is back on ice.
1:56 of 3rd period - Wrist shot by Stefan Ruzicka.
1:56 of 3rd period - Stopped by Jaroslav Halak without a rebound.
1:57 of 3rd period - Andy Miele wins face-off versus Kyle Wellwood in Predators zone.
2:05 of 3rd period - Minor Penalty to Stefan Ruzicka for Hooking.
2:06 of 3rd period - Max Reinhart wins face-off versus Ryan Kesler in Panthers zone.
4:05 of 3rd period - Penalty to Stefan Ruzicka is over, Stefan Ruzicka is back on ice.
4:32 of 3rd period - Snap shot by Alexander Ovechkin.
4:32 of 3rd period - Shot Misses the Net.
4:48 of 3rd period - Wrist shot by Byron Bitz.
4:48 of 3rd period - Shot Blocked by Matt Duchene.
5:37 of 3rd period - Drew Stafford is hit by Mikael Granlund and loses puck.
5:57 of 3rd period - Minor Penalty to Byron Bitz for Goalie Interference.
5:58 of 3rd period - Matt Duchene wins face-off versus Andy Miele in Predators zone.
6:05 of 3rd period - Icing by Jakob Silfverberg.
6:06 of 3rd period - Andy Miele wins face-off versus Matt Duchene in Panthers zone.
6:13 of 3rd period - Alexander Edler is hit by Jakob Silfverberg and loses puck.
6:26 of 3rd period - Slapshot by Matt Duchene.
6:26 of 3rd period - Shot Misses the Net.
6:28 of 3rd period - Slapshot by Alex Galchenyuk.
6:28 of 3rd period - Shot Blocked by Alexander Edler.
6:30 of 3rd period - Slapshot by Alex Galchenyuk.
6:30 of 3rd period - Stopped by Jaroslav Halak without a rebound.
6:31 of 3rd period - Andy Miele wins face-off versus Travis Zajac in Predators zone.
6:44 of 3rd period - Andy Miele is hit by Travis Zajac and loses puck.
7:15 of 3rd period - John Moore is hit by Raphael Diaz and loses puck.
7:34 of 3rd period - Wrist shot by Matt Duchene.
7:34 of 3rd period - Goal by Matt Duchene - Panthers : 2 - Predators : 0.
7:35 of 3rd period - Ryan Kesler wins face-off versus Drew Stafford in neutral zone.
8:04 of 3rd period - Slapshot by Matt Duchene.
8:04 of 3rd period - Stopped by Jaroslav Halak without a rebound.
8:05 of 3rd period - Matt Duchene wins face-off versus Jack Eichel in Predators zone.
8:06 of 3rd period - Snap shot by Alex Galchenyuk.
8:06 of 3rd period - Stopped by Jaroslav Halak without a rebound.
8:07 of 3rd period - Matt Duchene wins face-off versus Jack Eichel in Predators zone.
8:08 of 3rd period - Slapshot by Viktor Arvidsson.
8:08 of 3rd period - Stopped by Jaroslav Halak with a rebound.
8:39 of 3rd period - Snap shot by Chris Higgins.
8:39 of 3rd period - Shot Blocked by Alex Goligoski.
8:41 of 3rd period - Wrist shot by Jack Eichel.
8:41 of 3rd period - Deflect By Brendan Gallagher.
8:41 of 3rd period - Goal by Brendan Gallagher - Panthers : 2 - Predators : 1.
8:42 of 3rd period - Travis Zajac wins face-off versus Ryan Kesler in neutral zone.
9:09 of 3rd period - Alex Goligoski is hit by Alexander Edler and loses puck.
9:42 of 3rd period - Slapshot by Drew Stafford.
9:42 of 3rd period - Shot Misses the Net.
9:52 of 3rd period - Radko Gudas is hit by Nik Antropov and loses puck.
10:40 of 3rd period - Slapshot by Alexander Edler.
10:40 of 3rd period - Stopped by Petr Mrazek with a rebound.
10:42 of 3rd period - Snap shot by Brendan Gallagher.
10:42 of 3rd period - Shot Misses the Net.
10:58 of 3rd period - Snap shot by Andy Miele.
10:58 of 3rd period - Shot Blocked by Raphael Diaz.
11:00 of 3rd period - Snap shot by Nate Schmidt.
11:00 of 3rd period - Deflect By Andy Miele.
11:00 of 3rd period - Stopped by Petr Mrazek without a rebound.
11:01 of 3rd period - Matt Duchene wins face-off versus Ryan Kesler in Panthers zone.
11:01 of 3rd period - Matt Duchene is hit by Brandon Gormley.
11:04 of 3rd period - Icing by Erik Gudbranson.
11:05 of 3rd period - Ryan Kesler wins face-off versus Matt Duchene in Panthers zone.
11:06 of 3rd period - Backhand shot by Alexander Ovechkin.
11:06 of 3rd period - Stopped by Petr Mrazek with a rebound.
11:15 of 3rd period - Off-side.
11:16 of 3rd period - Matt Duchene wins face-off versus Ryan Kesler in neutral zone.
11:28 of 3rd period - Icing by Mikael Granlund.
11:29 of 3rd period - Matt Duchene wins face-off versus Ryan Kesler in Predators zone.
12:08 of 3rd period - Snap shot by Mikael Granlund.
12:08 of 3rd period - Stopped by Petr Mrazek without a rebound.
12:09 of 3rd period - Jack Eichel wins face-off versus Matt Duchene in Panthers zone.
12:14 of 3rd period - Wrist shot by Brendan Gallagher.
12:14 of 3rd period - Stopped by Petr Mrazek with a rebound.
12:47 of 3rd period - David Booth is hit by Andy Miele and loses puck.
13:00 of 3rd period - Slapshot by Mark Pysyk.
13:00 of 3rd period - Shot Misses the Net.
14:21 of 3rd period - Snap shot by Jaden Schwartz.
14:21 of 3rd period - Shot Misses the Net.
14:27 of 3rd period - John Moore is hit by Alex Galchenyuk and loses puck.
14:45 of 3rd period - Minor Penalty to Stefan Ruzicka for Roughing.
14:46 of 3rd period - Ryan Kesler wins face-off versus Max Reinhart in Panthers zone.
14:50 of 3rd period - Slapshot by Alexander Edler.
14:50 of 3rd period - Stopped by Petr Mrazek with a rebound.
14:52 of 3rd period - Slapshot by Mikael Granlund.
14:52 of 3rd period - Shot Misses the Net.
14:54 of 3rd period - Snap shot by Alexander Edler.
14:54 of 3rd period - Shot Blocked by Max Reinhart.
14:56 of 3rd period - Snap shot by Mikael Granlund.
14:56 of 3rd period - Shot Blocked by Drew Stafford.
14:58 of 3rd period - Slapshot by Alexander Edler.
14:58 of 3rd period - Deflect By Mikael Granlund.
14:58 of 3rd period - Stopped by Petr Mrazek with a rebound.
15:00 of 3rd period - Slapshot by Alexander Edler.
15:00 of 3rd period - Stopped by Petr Mrazek with a rebound.
15:02 of 3rd period - Slapshot by Alexander Ovechkin.
15:02 of 3rd period - Deflect By Mikael Granlund.
15:02 of 3rd period - Shot Misses the Net.
15:02 of 3rd period - Puck is out of play.
15:03 of 3rd period - Ryan Kesler wins face-off versus Max Reinhart in Panthers zone.
16:12 of 3rd period - Chris Higgins is hit by Alex Goligoski and loses puck.
16:45 of 3rd period - Penalty to Stefan Ruzicka is over, Stefan Ruzicka is back on ice.
17:03 of 3rd period - Slapshot by Jonathan Sigalet.
17:03 of 3rd period - Stopped by Jaroslav Halak with a rebound.
17:05 of 3rd period - Slapshot by Raphael Diaz.
17:05 of 3rd period - Shot Misses the Net.
17:07 of 3rd period - Wrist shot by Matt Duchene.
17:07 of 3rd period - Shot Blocked by Nik Antropov.
17:09 of 3rd period - Slapshot by Raphael Diaz.
17:09 of 3rd period - Deflect By Mark Pysyk.
17:09 of 3rd period - Stopped by Jaroslav Halak with a rebound.
17:11 of 3rd period - Snap shot by Matt Duchene.
17:11 of 3rd period - Shot Misses the Net.
17:21 of 3rd period - Jakob Silfverberg is hit by Chris Higgins and loses puck.
17:45 of 3rd period - Wrist shot by Stefan Ruzicka.
17:45 of 3rd period - Stopped by Jaroslav Halak without a rebound.
17:46 of 3rd period - Matt Duchene wins face-off versus Jack Eichel in Predators zone.
17:47 of 3rd period - Snap shot by Alex Galchenyuk.
17:47 of 3rd period - Stopped by Jaroslav Halak with a rebound.
18:01 of 3rd period - Predators, Jaroslav Halak is pulled from the net.
18:05 of 3rd period - Wrist shot by Mark Pysyk.
18:05 of 3rd period - Stopped by Petr Mrazek without a rebound.
18:06 of 3rd period - Max Reinhart wins face-off versus Nik Antropov in Panthers zone.
18:13 of 3rd period - Wrist shot by Max Reinhart.
18:13 of 3rd period - Goal by Max Reinhart - Panthers : 3 - Predators : 1.
18:13 of 3rd period - Jaroslav Halak from Predators was sent back in the game.
18:14 of 3rd period - Max Reinhart wins face-off versus Andy Miele in neutral zone.
18:27 of 3rd period - Slapshot by Alexander Edler.
18:27 of 3rd period - Shot Misses the Net.
18:29 of 3rd period - Slapshot by Andy Miele.
18:29 of 3rd period - Goal by Andy Miele - Panthers : 3 - Predators : 2.
18:30 of 3rd period - Max Reinhart wins face-off versus Andy Miele in neutral zone.
18:43 of 3rd period - Byron Bitz is hit by Max Reinhart and loses puck.
19:00 of 3rd period - David Booth is hit by Alexander Edler and loses puck.
19:03 of 3rd period - Predators, Jaroslav Halak is pulled from the net.
19:12 of 3rd period - Slapshot by Alexander Edler.
19:12 of 3rd period - Stopped by Petr Mrazek without a rebound.
19:13 of 3rd period - Randy Carlyle call a timeout for Predators.
19:13 of 3rd period - Ryan Kesler wins face-off versus Max Reinhart in Panthers zone.
19:16 of 3rd period - Snap shot by Mikael Granlund.
19:16 of 3rd period - Shot Hit the Post.
19:18 of 3rd period - Slapshot by Ryan Kesler.
19:18 of 3rd period - Stopped by Petr Mrazek with a rebound.
19:20 of 3rd period - Slapshot by Justin Faulk.
19:20 of 3rd period - Shot Misses the Net.
19:22 of 3rd period - Wrist shot by Justin Faulk.
19:22 of 3rd period - Stopped by Petr Mrazek without a rebound.
19:23 of 3rd period - Drew Stafford wins face-off versus Ryan Kesler in Panthers zone.
19:23 of 3rd period - Drew Stafford is hit by John Moore.
19:28 of 3rd period - Minor Penalty to Ryan Kesler for Tripping.
19:29 of 3rd period - Jaroslav Halak from Predators was sent back in the game.
19:29 of 3rd period - Andy Miele wins face-off versus Matt Duchene in Predators zone.
Goals for this period are 2 for Panthers vs 2 for Predators.
Shots for this period are 11 for Panthers vs 16 for Predators. Output by the SimonT Hockey Simulator (STHS) for Francois Prevost - Original Page W3C HTML5 Valid
Hockey Simulator - Hockey Simulation - Hockey Manager